 Dungeon Crawl Stone Soup version 0.27-a0-906-g0a00ce863d (webtiles) character file.

Game seed: 8176797775270811118

158 nicknak712 the Skirmisher (level 5, -3/41 HPs)
             Began as a Demonspawn Fighter on Apr 7, 2021.
             Was an Initiate of Qazlal.
             Slain by an orc
             ... wielding a +0 trident
              (5 damage)
             ... on level 3 of the Dungeon.
             The game lasted 00:10:54 (3379 turns).

nicknak712 the Skirmisher (Demonspawn Fighter)      Turns: 3379, Time: 00:10:54

Health: -3/41      AC:  6    Str: 17    XL:     5   Next: 16%
Magic:  5/5        EV:  7    Int: 10    God:    Qazlal [......]
Gold:   76         SH: 10    Dex: 12    Spells: 4/4 levels left

rFire    . . .     SeeInvis .   a - +1 war axe
rCold    . . .     Faith    +   c - +1 kite shield
rNeg     . . .     Spirit   .   b - +0 scale mail
rPois    .         Reflect  .   (helmet restricted)
rElec    .         Harm     .   (no cloak)
rCorr    +         Rampage  .   (no gloves)
Will     .....                  (no boots)
Stlth    ..........             p - amulet of faith
HPRegen  0.13/turn              f - ring of resist corrosion
MPRegen  0.09/turn              (no ring)

@: hasted, very quick
A: antennae 2, powered by pain 1
a: Renounce Religion


You were on level 3 of the Dungeon.
You worshipped Qazlal.
Qazlal was noncommittal.
You visited 1 branch of the dungeon, and saw 3 of its levels.

You collected 76 gold pieces.

Inventory:

Hand Weapons
 a - a +1 war axe (weapon)
Missiles
 r - a throwing net (quivered)
Armour
 b - a +0 scale mail (worn)
 c - a +1 kite shield (worn)
Jewellery
 f - a ring of resist corrosion (left hand)
 p - an amulet of faith (around neck)
Scrolls
 e - a scroll of enchant weapon
 k - a scroll of amnesia
 l - a scroll of blinking
 m - 3 scrolls of teleportation
 q - 2 scrolls of enchant armour
Potions
 h - a potion of lignification
 i - 2 potions of ambrosia {unknown}
 j - 2 potions of degeneration {unknown}
 n - a potion of mutation {unknown}
 o - a potion of heal wounds {unknown}


   Skills:
 + Level 3.6 Fighting
 + Level 3.0 Axes
 + Level 3.4 Armour
 + Level 1.7 Dodging
 + Level 0.1 Stealth
 + Level 3.1 Shields


You had 4 spell levels left.
You didn't know any spells.
Your spell library contained the following spells:

 Spells                   Type           Power      Damage    Failure   Level
 Animate Skeleton         Necr           0%         N/A       99%         1
 Apportation              Tloc           0%         N/A       99%         1
 Corona                   Hex            0%         N/A       99%         1
 Summon Small Mammal      Summ           0%         N/A       99%         1


Dungeon Overview and Level Annotations

Branches:
Dungeon (3/15)

Altars:
Qazlal
Zin

Shops:
D:2 *


Innate Abilities, Weirdness & Mutations

You have a pair of antennae on your head.
You sometimes gain a little power by taking damage.


Message History

You are too injured to fight recklessly!
You are too injured to fight recklessly!
You cannot move.
You cannot move.
The orc hits you from afar with a +0 trident.
* * * LOW HITPOINT WARNING * * *
You block the orc's attack. You block the orc's attack.
You block the orc's attack. The orc hits you but does no damage.
You block the orc's attack. The orc hits you but does no damage.
You block the orc's attack. The orc hits you but does no damage.
The orc hits you but does no damage. The orc hits you but does no damage.
You block the orc's attack.
The orc hits you from afar with a +0 trident.
* * * LOW HITPOINT WARNING * * *
The orc hits you but does no damage. The orc hits you but does no damage.
The orc hits you but does no damage. The orc hits you but does no damage.
Your transformation is almost over.
The orc hits you but does no damage. The orc hits you but does no damage.
You block the orc's attack.
The orc hits you from afar with a +0 trident.
* * * LOW HITPOINT WARNING * * *
The orc hits you but does no damage. The orc hits you but does no damage.
You block the orc's attack. The orc hits you but does no damage.
You feel less wooden.
Your +0 scale mail unmelds from your body.
You block the orc's attack.
Things that are here:
a +0 club; a +0 ring mail; a +0 hand axe You closely miss the orc.
The orc hits you with a +0 trident.
You die...

##.##.# #.# ...#.#
#.# # #.#.# #.## #.
#...# #..##
#.###...# #...##
#.....#.# #.....
###.###.#######.####
#.# #.........#...
#@# ##.##.....#...
#o......#####..#...
#..###### #..#...
#.## #..#... #.
###..#... # #.
#....#... .. #.
#.#..#### #. { #.
#.#...... #.### {
#.# #.#.#...#


You could see an orc (inner flame).

Vanquished Creatures
  An iguana (D:2)
  An orc wizard (D:2)
  2 adders (D:2)
  3 worms (D:2)
  4 orcs
  3 endoplasms
  2 giant cockroaches
  8 goblins
  6 hobgoblins
  6 jackals
  3 quokkas
  5 ball pythons
  11 bats
  5 frilled lizards
  6 kobolds
  6 rats
72 creatures vanquished.

Notes
Turn   | Place    | Note
-------+----------+-------------------------------------------
     0 | D:1      | nicknak712 the Demonspawn Fighter began the quest for the
                  | Orb.
     0 | D:1      | Reached XP level 1. HP: 18/18 MP: 1/1
   239 | D:1      | Gained mutation: You have a pair of small antennae on your
                  | head. [demonic ancestry]
   239 | D:1      | Reached XP level 2. HP: 24/24 MP: 2/2
   788 | D:1      | Reached XP level 3. HP: 29/29 MP: 3/3
  1465 | D:2      | Found Zitor's Assorted Antiques.
  1474 | D:2      | Found a faded altar of an unknown god.
  1595 | D:2      | Reached skill level 1 in Dodging
  1595 | D:2      | Gained mutation: You have a pair of antennae on your head.
                  | [demonic ancestry]
  1595 | D:2      | Reached XP level 4. HP: 13/35 MP: 4/4
  2265 | D:2      | HP: 1/35 [worm (8)]
  2269 | D:2      | Gained mutation: You sometimes gain a little power by
                  | taking damage. [demonic ancestry]
  2269 | D:2      | Reached XP level 5. HP: 2/41 MP: 5/5
  2687 | D:2      | Found a stormy altar of Qazlal.
  2697 | D:2      | Became a worshipper of Qazlal Stormbringer
  3370 | D:3      | HP: 2/61 [orc/+0 trident (4)]
  3379 | D:3      | Slain by an orc

Illustrated notes

Levels and vault maps discovered:
D:1:      lightli_arrival_quake, layout_loops_ring, supply_closet_lemuel,
          minmay_misc_feat_encased
D:2:      minmay_recursive_quarters, layout_basic, serial_shops, shop,
          basic_altar, ebering_ecumenical_altar_webs, minmay_distorted
D:3:      layout_loops_ring, lemuel_coloured_pillars_altar, lemuel_tele_altar,
          cheibrodos_gnoll_hut, uniq_ijyb, uniq_sigmund

Skill      XL: |  1  2  3  4  5 |
---------------+----------------+-----
Axes           | 2 3 |  3.0
Shields        | 3 |  3.1
Armour         | 3 |  3.4
Dodging        | 1 |  1.7
Fighting       | |  3.6
Stealth        | |  0.1

Action                   |  1- 3 |  4- 6 || total
-------------------------+-------+-------++-------
Melee: War axe           |   113 |   117 ||   230
  Use: Potion            |     1 |     3 ||     4
       Scroll            |       |     6 ||     6
Armor: Scale mail        |    67 |    81 ||   148
       Skin              |       |    17 ||    17
Dodge: Dodged            |    44 |    53 ||    97
Block: Kite shield       |    74 |   104 ||   178

Table legend: (Time is in decaauts)
 A = Elapsed time spent in this place.
 B = Non-inter-level travel time spent in this place.
 C = Inter-level travel time spent in this place.
 D = Time resting spent in this place.
 E = Time spent auto-exploring this place.
 F = Levels seen in this place.
 G = Mean time per level.
                   A        B        C        D        E       F      G
               +--------+--------+--------+--------+--------+-----+--------+
         Total |   3518 |   3462 |     56 |      0 |   2818 |   3 | 1172.7 |
       Dungeon |   3518 |   3462 |     56 |      0 |   2818 |   3 | 1172.7 |
               +--------+--------+--------+--------+--------+-----+--------+

Top non-repeatable levels by time:
     D:2: 1912 daAuts
     D:1: 1210 daAuts
     D:3: 395 daAuts
